 Dungeon Crawl Stone Soup version 0.22.1-6-g1668fe2c40 (webtiles) character file.

91 Rediskos the Magician (level 4, -1/32 HPs)
             Began as a Gnoll Wizard on Jan 17, 2019.
             Slain by an orc
             ... wielding a +2 mace of protection
              (5 damage)
             ... on level 3 of the Dungeon.
             The game lasted 00:05:28 (2167 turns).

Rediskos the Magician (Gnoll Wizard)                Turns: 2167, Time: 00:05:29

Health: -1/32      AC:  4    Str:  9    XL:     4   Next: 59%
Magic:  6/13       EV: 14    Int: 21    God:
Gold:   60         SH:  0    Dex: 14    Spells: 6/17 levels left

rFire    . . .     SeeInvis .   p - +2 trident (venom)
rCold    . . .     Gourm    .   (no shield)
rNeg     . . .     Faith    .   a - +0 robe
rPois    .         Spirit   .   q - +0 helmet
rElec    .         Reflect  .   r - +0 cloak
rCorr    .         Harm     .   (no gloves)
MR       .....                  (no boots)
Stlth    +++.......             (no amulet)
HPRegen  0.10/turn              (no ring)
MPRegen  0.13/turn              (no ring)

@: no status effects
A: distributed training, fangs 1, strong nose
a: no special abilities


You were on level 3 of the Dungeon.
You were hungry.

You visited 1 branch of the dungeon, and saw 3 of its levels.

You collected 60 gold pieces.

Inventory:

Hand Weapons
 n - a +0 dagger
 p - a +2 trident of venom (weapon)
Armour
 a - a +0 robe (worn)
 b - a +0 hat
 q - a +0 helmet (worn)
 r - a +0 cloak (worn)
Scrolls
 h - a scroll of immolation {unknown}
 j - 2 scrolls of identify {unknown}
 k - a scroll of remove curse {unknown}
 l - 2 scrolls of amnesia {unknown}
 m - a scroll of teleportation {unknown}
Potions
 c - a potion of degeneration {unknown}
 e - 3 potions of curing {unknown}
 f - a potion of lignification {unknown}
 g - 2 potions of ambrosia {unknown}
 i - 2 potions of berserk rage {unknown}
 o - a potion of haste {unknown}
Comestibles
 d - 2 rations


   Skills:
 + Level 1.1 Fighting
 + Level 1.1 Short Blades
 + Level 1.1 Long Blades
 + Level 1.1 Axes
 + Level 1.1 Maces & Flails
 + Level 1.1 Polearms
 + Level 1.1 Staves
 + Level 1.1 Slings
 + Level 1.1 Bows
 + Level 1.1 Crossbows
 + Level 1.1 Throwing
 + Level 1.1 Armour
 + Level 4.6 Dodging
 + Level 4.2 Stealth
 + Level 1.1 Shields
 + Level 1.1 Unarmed Combat
 + Level 7.2 Spellcasting
 + Level 2.2 Conjurations
 + Level 0.9 Hexes
 + Level 0.9 Charms
 + Level 2.2 Summonings
 + Level 0.9 Necromancy
 + Level 2.2 Translocations
 + Level 0.9 Transmutations
 + Level 0.9 Fire Magic
 + Level 0.9 Ice Magic
 + Level 0.9 Air Magic
 + Level 0.9 Earth Magic
 + Level 0.9 Poison Magic
 + Level 1.2 Invocations
 + Level 1.1 Evocations


You had 6 spell levels left.
You knew the following spells:

 Your Spells              Type           Power        Failure   Level  Hunger
a - Magic Dart            Conj           ###.         3%          1    None
b - Blink                 Tloc           N/A          5%          2    None
d - Conjure Flame         Conj/Fire      ##......     14%         3    None
q - Mephitic Cloud        Conj/Pois/Air  ##......     14%         3    None
s - Call Imp              Summ           ###.....     5%          2    None

Your spell library contained the following spells:

 Spells                   Type           Power        Failure   Level  Hunger
 Slow                     Hex            ##......     9%          2    None


Dungeon Overview and Level Annotations

Branches:
Dungeon (3/15)

Altars:


Innate Abilities, Weirdness & Mutations

Your experience applies equally to all skills.
You have very sharp teeth.
Your uncanny sense of smell can sniff out nearby items.


Message History

The bat misses your crimson imp. The orc barely misses you.
Your crimson imp blinks!
The orc hits you with a mace of protection.
Your crimson imp closely misses the orc.
The orc hits you with a mace.
Your crimson imp misses the orc.
Casting: Call Imp (safe; 5% risk of failure)
Confirm with . or Enter, or press ? or * to list all spells.
A beastly little devil appears in a puff of flame.
The orc hits you but does no damage.
The orc hits you with a mace of protection!
* * * LOW HITPOINT WARNING * * *
Your crimson imp barely misses the orc.
Your crimson imp blinks!
The orc hits you but does no damage.
The ball python closely misses your crimson imp.
The ball python misses your crimson imp.
The orc barely misses you.
Your crimson imp hits the orc but does no damage.
The orc hits you with a mace of protection.
You die...

#. ... ##.# ..#
#.. #...# ..# #.#
...... ..# #.#
..?S..##..###.#
.........b....#
#<..# #ยง#
#...###o#
....Sbo@#
..?...5o55.....#
###.#####.#######
... ... ### ###


You could see 3 orcs, a bat, a ball python and 3 friendly crimson imps.

Vanquished Creatures
  Crazy Yiuf (D:2)
  An adder (D:2)
  A worm (D:2)
  A dart slug (D:1)
  A leopard gecko (D:1)
  A giant cockroach (D:2)
  8 goblins
  6 hobgoblins
  4 bats
  2 frilled lizards
  7 kobolds
  5 rats
38 creatures vanquished.

Vanquished Creatures (collateral kills)
  Robin (D:2)
  4 goblins (D:2)
  4 hobgoblins (D:2)
  A rat (D:2)
10 creatures vanquished.

Grand Total: 48 creatures vanquished

Notes
Turn   | Place    | Note
-------+----------+-------------------------------------------
     0 | D:1      | Rediskos the Gnoll Wizard began the quest for the Orb.
     0 | D:1      | Reached XP level 1. HP: 13/13 MP: 8/8
   195 | D:1      | Reached XP level 2. HP: 19/19 MP: 7/10
   234 | D:1      | You fall through a shaft!
   720 | D:1      | Reached XP level 3. HP: 25/25 MP: 8/11
  1185 | D:2      | Reached skill level 1 in Invocations
  1417 | D:2      | Found a runed door.
  1506 | D:2      | Learned a level 2 spell: Blink
  1509 | D:2      | Learned a level 2 spell: Call Imp
  1513 | D:2      | Learned a level 3 spell: Conjure Flame
  1517 | D:2      | Learned a level 3 spell: Mephitic Cloud
  1572 | D:2      | Noticed Robin
  1580 | D:2      | Reached skill level 1 in Fighting
  1580 | D:2      | Reached skill level 1 in Short Blades
  1580 | D:2      | Reached skill level 1 in Long Blades
  1580 | D:2      | Reached skill level 1 in Axes
  1580 | D:2      | Reached skill level 1 in Maces & Flails
  1580 | D:2      | Reached skill level 1 in Polearms
  1580 | D:2      | Reached skill level 1 in Staves
  1580 | D:2      | Reached skill level 1 in Slings
  1580 | D:2      | Reached skill level 1 in Bows
  1580 | D:2      | Reached skill level 1 in Crossbows
  1580 | D:2      | Reached skill level 1 in Throwing
  1580 | D:2      | Reached skill level 1 in Armour
  1580 | D:2      | Reached skill level 1 in Shields
  1580 | D:2      | Reached skill level 1 in Unarmed Combat
  1580 | D:2      | Reached skill level 1 in Evocations
  1588 | D:2      | Reached XP level 4. HP: 20/32 MP: 1/13
  1595 | D:2      | Killed Robin
  1969 | D:2      | Noticed Crazy Yiuf
  1990 | D:2      | Killed Crazy Yiuf
  2167 | D:3      | Slain by an orc

Skill      XL: |  1  2  3 |
---------------+----------+-----
Conjurations   | 2 |  2.2
Summonings     | 2 |  2.2
Translocations | 2 |  2.2
Invocations    | 1 |  1.2
Fighting       | 1 |  1.1
Short Blades   | 1 |  1.1
Long Blades    | 1 |  1.1
Axes           | 1 |  1.1
Maces & Flails | 1 |  1.1
Polearms       | 1 |  1.1
Staves         | 1 |  1.1
Slings         | 1 |  1.1
Bows           | 1 |  1.1
Crossbows      | 1 |  1.1
Throwing       | 1 |  1.1
Armour         | 1 |  1.1
Shields        | 1 |  1.1
Unarmed Combat | 1 |  1.1
Evocations     | 1 |  1.1
Dodging        | |  4.6
Stealth        | |  4.2
Spellcasting   | |  7.2
Hexes          | |  0.9
Charms         | |  0.9
Necromancy     | |  0.9
Transmutations | |  0.9
Fire Magic     | |  0.9
Ice Magic      | |  0.9
Air Magic      | |  0.9
Earth Magic    | |  0.9
Poison Magic   | |  0.9

Action                   |  1- 3 |  4- 6 || total
-------------------------+-------+-------++-------
Melee: Trident           |       |     2 ||     2
 Cast: Magic Dart        |    86 |     2 ||    88
       Call Imp          |     4 |    15 ||    19
       Blink             |       |     1 ||     1
  Eat: Chunk             |     2 |     1 ||     3
Armor: Robe              |       |     2 ||     2
Dodge: Dodged            |     9 |     4 ||    13
